 Dungeon Crawl Stone Soup version 0.26-a0-958-gf3041fb45f (webtiles) character file.

Game seed: 4783630545405343761

8865 lunkers the Dealer of Despair (level 11, -4/82 (84) HPs)
             Began as a Demonspawn Necromancer on Dec 1, 2020.
             Was an Elder of Kikubaaqudgha.
             Slain by a two-headed ogre
             ... wielding a +0 giant spiked club
              (9 damage)
             ... on level 11 of the Dungeon.
             The game lasted 00:29:56 (15584 turns).

lunkers the Dealer of Despair (DsNe)               Turns: 15584, Time: 00:29:57

HP:   -4/82 (84)    AC: 13    Str: 10    XL:     11   Next: 15%
MP:   16/23         EV:  8    Int: 23    God:    Kikubaaqudgha [****..]
Gold: 876           SH: 10    Dex: 13    Spells: 5/26 levels left

rFire    . . .     SeeInvis +   b - +4 dagger (pain)
rCold    . . .     Faith    .   F - +0 buckler (curse)
rNeg     . . .     Spirit   .   I - +3 scale mail
rPois    .         Reflect  +   (helmet unavailable)
rElec    .         Harm     .   (no cloak)
rCorr    .         Rampage  .   A - +2 pair of gloves
MR       +....                  d - +0 pair of boots
Stlth    ..........             w - amulet of reflection
HPRegen  1.23/turn              f - ring of protection from magic
MPRegen  0.18/turn              (no ring)

@: very slightly contaminated
A: antennae 3, powered by death 2, spiny 1, big brain 2
a: Receive Corpses, Renounce Religion


You were on level 11 of the Dungeon.
You worshipped Kikubaaqudgha.
Kikubaaqudgha was greatly pleased with you.
You visited 2 branches of the dungeon, and saw 12 of its levels.
You also visited: Sewer and Ossuary.

You collected 876 gold pieces.

Inventory:

Hand Weapons
 a - a +1 flail of protection
 b - a +4 dagger of pain (weapon)
 h - a +0 short sword
 n - a +1 hand axe of draining
 x - a +2 whip of draining
 H - a +1 trident of venom
Missiles
 p - 8 atropa-tipped darts
Armour
 d - a +0 pair of boots (worn)
 i - a +0 robe of magic resistance
 A - a +2 pair of gloves (worn)
 F - a cursed +0 buckler (worn)
 I - a +3 scale mail (worn)
 J - the +8 plate armour "Coulaz" {rN+}
   (You found it on level 10 of the Dungeon)

   It protects you from negative energy.
Jewellery
 f - a ring of protection from magic (left hand)
 w - an amulet of reflection (around neck)
Wands
 t - a wand of polymorph (15)
 y - a wand of iceblast (8)
 B - a wand of enslavement (4)
Scrolls
 c - a scroll of amnesia
 j - 7 scrolls of teleportation
 l - a scroll of blinking
 r - 2 scrolls of fear
 s - 4 scrolls of enchant weapon
 K - 2 scrolls of magic mapping
 L - 7 scrolls of remove curse
Potions
 e - 2 potions of haste
 g - a potion of ambrosia
 k - 6 potions of curing
 m - 4 potions of might
 o - 3 potions of heal wounds
 q - a potion of cancellation
 u - a potion of mutation
 z - 2 potions of invisibility
 C - a potion of attraction
 D - a potion of flight {unknown}
 E - 3 potions of lignification


   Skills:
 + Level 7.4 Fighting
 - Level 1.7 Dodging
 - Level 1.7 Stealth
 - Level 4.0 Shields
 + Level 8.2 Spellcasting
 * Level 13.6 Necromancy


You had 5 spell levels left.
You knew the following spells:

 Your Spells              Type           Power        Failure   Level
b - Pain                  Necr           ####         2%          1
c - Corpse Rot            Necr/Air       N/A          14%         2
d - Dispel Undead         Necr           ######..     8%          4
e - Death Channel         Necr           ######....   50%         6
f - Excruciating Wounds   Necr           ######....   14%         5
p - Vampiric Draining     Necr           ######....   3%          3

Your spell library contained the following spells:

 Spells                   Type           Power        Failure   Level
 Animate Skeleton         Necr           ######       2%          1
 Sublimation of Blood     Necr           ######....   2%          2
 Animate Dead             Necr           ######....   8%          4
 Agony                    Necr           ######..     14%         5
 Apportation              Tloc           #.....       67%         1
 Beastly Appendage        Tmut           #.....       67%         1
 Corona                   Hex            #......      67%         1
 Summon Small Mammal      Summ           #...         67%         1
 Poisonous Vapours        Pois/Air       #.....       78%         2
 Slow                     Hex            #.......     78%         2
 Wereblood                Tmut           #.......     78%         2
 Conjure Flame            Conj/Fire      #.......     94%         3
 Inner Flame              Hex/Fire       #.......     94%         3
 Mephitic Cloud           Conj/Pois/Air  #.......     94%         3
 Portal Projectile        Hex/Tloc       #.....       94%         3
 Spider Form              Tmut/Pois      #.........   94%         3
 Cause Fear               Hex            #.........   100%        4
 Ice Form                 Ice/Tmut       #.......     100%        4
 Leda's Liquefaction      Hex/Erth       #.........   100%        4
 Blade Hands              Tmut           #.........   100%        5
 Freezing Cloud           Conj/Ice/Air   #.........   100%        6
 Simulacrum               Ice/Necr       #####.....   100%        6


Dungeon Overview and Level Annotations

Branches:
Dungeon (11/15)            Temple (1/1) D:5            Lair (0/6) D:9
    Orc (0/2) D:9           Sewer (visited)         Ossuary (visited)

Altars:
Ashenzari
Cheibriados
Dithmenos
Elyvilon
Fedhas
Gozag
Hepliaklqana
Kikubaaqudgha
Makhleb
Nemelex Xobeh
Okawaru
Qazlal
Ru
Sif Muna
Trog
Uskayaw
Vehumet
Wu Jian
Xom
Yredelemnul
Zin
The Shining One
Beogh

Shops:
D:7 }   D:8 !   D:11 (

Portals:
Trove: D:10 (give +5 demon whip)


Innate Abilities, Weirdness & Mutations

You have a pair of large antennae on your head. (SInv)
You regenerate health from kills.
You are partially covered in sharp spines.
You have an extremely huge brain. (Int +4)


Message History

The two-headed ogre writhes in agony!
The two-headed ogre is almost dead.
The two-headed ogre hits you with a +0 giant spiked club!!
* * * LOW HITPOINT WARNING * * *
The two-headed ogre hits you with a +0 giant club.
* * * LOW HITPOINT WARNING * * *
Casting: Excruciating Wounds (dangerous; 14% risk of failure)
Confirm with . or Enter, or press ? or * to list all spells.
Aiming: Vampiric Draining (mildly dangerous; 3% risk of failure)
Press: ? - help, Shift-Dir - straight line, f - two-headed ogre
Aim: a two-headed ogre, wielding a +0 giant spiked club and a +0 giant club (almost dead)
You miscast Vampiric Draining.
You are very lightly contaminated with residual magic.
Nothing appears to happen.
The worker ant simulacrum waves its antennae.
The two-headed ogre hits you with a +0 giant spiked club!!
* * * LOW HITPOINT WARNING * * *
The two-headed ogre hits you with a +0 giant club!
You die...
Kikubaaqudgha rasps: "You have failed me!
Welcome... death!"

..≈ .. ≈.
####.#....
#####F........
#....O........
#.######.##..#
#Z# .# . #O# # {
#@# ##...#
#.####....#
#.#.......#
#.#.......# .
#.#.......#+#≈≈
#.#...8......#
#............#
#............#
#.#..........####


You could see a two-headed ogre and a worker ant simulacrum.

Vanquished Creatures
  Harold (D:10)
  An unseen horror (D:10)
  An ugly thing (D:10)
  A gargoyle (D:10)
  A kobold demonologist (D:11)
  Prince Ribbit (D:7)
  Grinder (D:6)
  A yak (D:11)
  A basilisk (D:10)
  Edmund (D:6)
  Purgy (Sewer)
  11 orc warriors
  2 necrophages
  4 ice beasts
  2 phantoms
  9 ogres
  4 centaurs
  5 big kobolds (D:11)
  7 bullfrogs
  A gnoll sergeant (D:8)
  A wyvern skeleton (D:10)
  3 scorpions
  4 killer bees (D:8)
  7 wights
  6 howler monkeys
  2 centaur zombies
  A bullfrog zombie (D:9)
  6 hounds
  9 orc wizards
  5 orc priests
  2 bullfrog skeletons
  A centaur skeleton (D:7)
  3 jellies
  2 worker ants
  An iguana (D:10)
  Terence (D:3)
  A killer bee zombie (D:7)
  A hound zombie (D:8)
  2 mummies
  11 adders
  6 gnolls
  A howler monkey skeleton (D:6)
  3 shadow imps (D:6)
  4 white imps
  A worker ant simulacrum (D:11)
  3 ufetubi
  An ooze (D:2)
  An adder zombie (D:7)
  3 worms
  3 dart slugs
  4 leopard geckos
  52 orcs
  4 bats
  5 giant cockroaches
  9 goblins (D:1)
  6 hobgoblins
  9 jackals
  A quokka (D:5)
  4 ball pythons
  4 frilled lizards
  A gnoll zombie (Ossuary)
  A hobgoblin zombie (Ossuary)
  A jackal skeleton (D:4)
  10 kobolds
  A kobold zombie (Ossuary)
  A leopard gecko zombie (D:6)
  An orc zombie (Ossuary)
  A quokka skeleton (D:6)
  7 rats
273 creatures vanquished.

Vanquished Creatures (others)
  An ogre (D:6)
  An orc priest (D:8)
  An orc (D:6)
3 creatures vanquished.

Grand Total: 276 creatures vanquished

Notes
Turn   | Place    | Note
-------+----------+-------------------------------------------
     0 | D:1      | lunkers the Demonspawn Necromancer began the quest for the
                  | Orb.
     0 | D:1      | Reached XP level 1. HP: 13/13 MP: 3/3
   168 | D:1      | Gained mutation: You have a pair of small antennae on your
                  | head. [demonic ancestry]
   168 | D:1      | Reached XP level 2. HP: 15/19 MP: 0/5
   403 | D:1      | Reached skill level 5 in Necromancy
   764 | D:1      | Gained mutation: You have a pair of antennae on your head.
                  | [demonic ancestry]
   764 | D:1      | Reached XP level 3. HP: 22/24 MP: 3/6
  1311 | D:2      | Reached XP level 4. HP: 27/30 MP: 4/8
  1516 | D:2      | Found a hide-covered altar of Uskayaw.
  1714 | D:2      | Found a glowing silver altar of Zin.
  1924 | D:3      | Noticed Terence
  1929 | D:3      | Killed Terence
  1930 | D:3      | Reached skill level 6 in Necromancy
  2204 | D:3      | Found a sacrificial altar of Ru.
  2225 | D:3      | Gained mutation: You have an unusually large brain. (Int
                  | +2) [demonic ancestry]
  2225 | D:3      | Reached XP level 5. HP: 12/35 MP: 1/9
  2229 | D:3      | Learned a level 3 spell: Vampiric Draining
  2860 | D:4      | Noticed an ogre
  2867 | D:4      | Killed an ogre
  2868 | D:4      | Reached skill level 7 in Necromancy
  3000 | D:4      | Noticed an ogre
  3006 | D:4      | Killed an ogre
  3007 | D:4      | Gained mutation: You have a pair of large antennae on your
                  | head. (SInv) [demonic ancestry]
  3007 | D:4      | Reached XP level 6. HP: 8/41 MP: 3/11
  3084 | D:4      | Found a glowing drain.
  3160 | Sewer    | Entered a sewer
  3479 | Sewer    | Noticed Purgy
  3492 | Sewer    | Killed Purgy
  3927 | D:4      | Reached skill level 8 in Necromancy
  3927 | D:4      | Reached XP level 7. HP: 23/46 MP: 7/13
  4257 | D:4      | Reached skill level 1 in Fighting
  5099 | D:5      | Entered Level 5 of the Dungeon
  5739 | D:5      | Reached skill level 9 in Necromancy
  5993 | D:5      | Found a staircase to the Ecumenical Temple.
  5999 | Temple   | Entered the Ecumenical Temple
  6174 | Temple   | Became a worshipper of Kikubaaqudgha
  6379 | D:6      | Found a sand-covered staircase.
  6430 | Ossuary  | Entered an ossuary
  6700 | D:6      | Reached skill level 5 in Spellcasting
  6700 | D:6      | Gained mutation: You have an extremely huge brain. (Int +4)
                  | [demonic ancestry]
  6700 | D:6      | Reached XP level 8. HP: 48/57 MP: 8/15
  7268 | D:6      | HP: 2/58 [centaur zombie (8)]
  7277 | D:6      | Reached skill level 10 in Necromancy
  7623 | D:6      | Found a shimmering altar of Xom.
  7678 | D:6      | Noticed Edmund
  7691 | D:6      | Killed Edmund
  7781 | D:6      | Noticed Grinder
  7860 | D:6      | Paralysed by Grinder for 6 turns
  7885 | D:6      | HP: 2/60 [Grinder (4)]
  7893 | D:6      | Killed Grinder
  8287 | D:7      | Gained mutation: You regenerate a little health from kills.
                  | [demonic ancestry]
  8287 | D:7      | Reached XP level 9. HP: 63/65 MP: 16/18
  8365 | D:7      | Reached * piety under Kikubaaqudgha
  8365 | D:7      | Identified Kikubaaqudgha's Papyrus of Unholy Rites
                  | (Kikubaaqudgha gifted it to you on level 7 of the Dungeon)
  8365 | D:7      | Received a gift from Kikubaaqudgha
  9012 | D:7      | Reached skill level 11 in Necromancy
  9294 | D:7      | Found Hamu's Gadget Shoppe.
  9304 | D:7      | Found a glowing silver altar of Zin.
  9450 | D:7      | Reached skill level 5 in Fighting
  9907 | D:7      | Noticed Prince Ribbit
  9912 | D:7      | Killed Prince Ribbit
  9991 | D:7      | Found a bloodstained altar of Trog.
 10172 | D:8      | Found Giutriu's Distillery.
 10447 | D:8      | Reached ** piety under Kikubaaqudgha
 10457 | D:8      | Reached skill level 1 in Shields
 11124 | D:8      | Reached skill level 12 in Necromancy
 11484 | D:9      | Found a snail-covered altar of Cheibriados.
 11681 | D:9      | Found a staircase to the Lair.
 11707 | D:9      | Gained mutation: You regenerate health from kills. [demonic
                  | ancestry]
 11707 | D:9      | Reached XP level 10. HP: 74/74 MP: 15/20
 11897 | D:9      | Found a broken altar of Ashenzari.
 12140 | D:9      | Learned a level 2 spell: Corpse Rot
 12260 | D:9      | Reached *** piety under Kikubaaqudgha
 12260 | D:9      | Identified Kikubaaqudgha's Reference Book on Sinister
                  | Secrets (Kikubaaqudgha gifted it to you on level 9 of the
                  | Dungeon)
 12260 | D:9      | Received a gift from Kikubaaqudgha
 12383 | D:9      | Learned a level 4 spell: Dispel Undead
 12390 | D:9      | Learned a level 6 spell: Death Channel
 12542 | D:9      | Found a staircase to the Orcish Mines.
 12616 | D:9      | Found a roughly hewn altar of Beogh.
 12721 | D:9      | Learned a level 5 spell: Excruciating Wounds
 13125 | D:10     | Entered Level 10 of the Dungeon
 13759 | D:10     | Noticed a gargoyle
 13843 | D:10     | Killed a gargoyle
 14136 | D:10     | Noticed Harold
 14161 | D:10     | Killed Harold
 14162 | D:10     | Reached skill level 13 in Necromancy
 14171 | D:10     | Got a dazzling plate armour
 14334 | D:10     | Found a portal to a secret trove of treasure.
 14376 | D:10     | Noticed an unseen horror
 14385 | D:10     | Killed an unseen horror
 14426 | D:10     | Noticed a cyan ugly thing
 14436 | D:10     | Killed a cyan ugly thing
 14437 | D:10     | Gained mutation: You are partially covered in sharp spines.
                  | [demonic ancestry]
 14437 | D:10     | Reached XP level 11. HP: 45/82 MP: 5/23
 14777 | D:10     | Identified the +8 plate armour "Coulaz" {rN+} (You found it
                  | on level 10 of the Dungeon)
 15325 | D:11     | Reached **** piety under Kikubaaqudgha
 15413 | D:11     | Found Xihuseek's Weapon Boutique.
 15565 | D:11     | Noticed a two-headed ogre
 15584 | D:11     | Slain by a two-headed ogre

Illustrated notes

Levels and vault maps discovered:
D:1:      lightli_arrival_quake, layout_rooms
D:2:      layout_rooms, eat_drink_and_be_merry_uskayaw, zin_scriptorium
D:3:      layout_basic, nicolae_ru_great_annihilating_truth, uniq_terence
D:4:      layout_cave_pods, cheibrodos_sewer_entry_sluice
D:5:      layout_basic, minmay_temple_entry_fiery, kennysheep_generic_room_7
D:6:      cheibrodos_barr_body, layout_basic, gup_ossuary_entry_pyramid,
          xom_confusion_cloud, uniq_grinder, uniq_edmund
D:7:      layout_gridville, lightli_temple_of_fire, basic_altar, serial_shops,
          shop, kennysheep_generic_room_15, uniq_prince_ribbit1
D:8:      layout_loops_cross, serial_shops, nicolae_shop_stone,
          grunt_ministairs_12
D:9:      layout_roguey [special_room_orc], slow_altar_1,
          nicolae_ashenzari_panopticon, david_orc_4
D:10:     layout_big_octagon, serial_column_ruins, column_ruins_hut,
          column_ruins_grid_3, column_ruins_open_medium, column_ruins_open_tiny,
          trove_entry_hex_spiral, uniq_harold
D:11:     layout_basic, serial_shops, kennysheep_mini, serial_ice, serial_ice_m,
          serial_ice_j, serial_ice_e, serial_ice_d, serial_ice_h, serial_ice_f,
          serial_ice_g, grunt_decor_cap, minmay_misc_feat_doors, minivault_12
Temple:   eino_temple_scatter_basement

Skill      XL: |  1  2  3  4  5  6  7  8  9 10 |
---------------+-------------------------------+-----
Necromancy     | 5 6 7 8 9 10 12 13 | 13.6
Spellcasting   | 3 4 5 6 7 8 |  8.2
Fighting       | 2 4 5 7 |  7.4
Shields        | 1 4 |  4.0
Dodging        | |  1.7
Stealth        | |  1.7

Action                   |  1- 3 |  4- 6 |  7- 9 | 10-12 || total
-------------------------+-------+-------+-------+-------++-------
Melee: Unarmed           |     1 |       |       |       ||     1
       Short sword       |     4 |       |       |       ||     4
       Hand axe          |       |     4 |       |       ||     4
       Whip              |       |    22 |   147 |       ||   169
       Flail             |       |       |   185 |   140 ||   325
       Dagger            |       |       |       |   192 ||   192
 Cast: Pain              |    65 |    76 |    68 |    24 ||   233
       Vampiric Draining |       |     8 |    94 |    63 ||   165
       Excruciating Woun |       |       |       |     7 ||     7
       Dispel Undead     |       |       |       |     6 ||     6
       Corpse Rot        |       |       |       |     1 ||     1
Evoke: Wand              |       |       |     6 |       ||     6
  Use: Scroll            |       |       |    10 |    13 ||    23
       Potion            |       |       |     3 |       ||     3
Armor: Robe              |       |    11 |   122 |       ||   133
       Scale mail        |       |       |     5 |   162 ||   167
Dodge: Dodged            |     4 |    45 |   244 |   126 ||   419
Block: Other             |       |    12 |    65 |       ||    77
       Reflection        |       |     1 |     5 |     6 ||    12
       Buckler           |       |       |    46 |   184 ||   230

Table legend: (Time is in decaauts)
 A = Elapsed time spent in this place.
 B = Non-inter-level travel time spent in this place.
 C = Inter-level travel time spent in this place.
 D = Time resting spent in this place.
 E = Time spent auto-exploring this place.
 F = Levels seen in this place.
 G = Mean time per level.
                   A        B        C        D        E       F      G
               +--------+--------+--------+--------+--------+-----+--------+
         Total |  15735 |  15364 |    371 |   1150 |  11478 |  14 | 1123.9 |
       Dungeon |  14929 |  14597 |    332 |   1077 |  10891 |  11 | 1357.2 |
        Temple |    189 |    151 |     38 |      0 |    149 |   1 |  189.0 |
         Sewer |    542 |    542 |      0 |     73 |    406 |   1 |  542.0 |
       Ossuary |     74 |     74 |      0 |      0 |     32 |   1 |   74.0 |
               +--------+--------+--------+--------+--------+-----+--------+

Top non-repeatable levels by time:
     D:9: 2092 daAuts
     D:6: 1985 daAuts
     D:7: 1846 daAuts
     D:4: 1706 daAuts
    D:10: 1510 daAuts
     D:8: 1431 daAuts
     D:3: 1088 daAuts
     D:1: 1002 daAuts
     D:5: 940 daAuts
     D:2: 765 daAuts
    D:11: 561 daAuts
   Sewer: 542 daAuts
  Temple: 189 daAuts
 Ossuary: 74 daAuts
